[ PARTIDA AOE2 · #495986250 ]
UnrankedJaponeses vs Chinese
Equipo del jugador · DERR
Equipo rival · VICT
[ ANÁLISIS DE REPETICIÓN · EXTRAÍDO DE LA PARTIDA GRABADA ]
Feudal
9:43
Castillos
22:08
Imperial
39:46
| APM promedio | 41.9 |
| APM pico | 120 |
| eAPM promedio | 23.5 |
| Aldeanos / militares | 194 / 490 |
Foco
⚔️ 47.8% · 🌾 52.2%
Skirmisher ×205 · Scout Cavalry ×72 · Spearman ×58 · Cavalry Archer ×54 · Knight ×46 · Archer ×21
Feudal
9:08
Castillos
24:52
Imperial
40:14
| APM promedio | 40.8 |
| APM pico | 119 |
| eAPM promedio | 17.2 |
| Aldeanos / militares | 138 / 381 |
Foco
⚔️ 44.6% · 🌾 55.4%
Scout Cavalry ×160 · Chu Ko Nu ×148 · Archer ×59 · Trebuchet (Packed) ×9 · Iron Pagoda ×4 · Spearman ×1
Mapa de la partida
Recursos iniciales + cada clic de construcción. Líneas = muros · curvas = relieve. ◆ oro · ⬟ piedra · ● bayas · ✦ reliquia · ◌ hueco del cierre
Tu base· Abierta — hueco de 7t
Base de NecroSorcererII· Abierta — hueco de 11t
Terreno inicial suavizado · ◌ = hueco del cierre detectado · pasá el cursor para detalles
Inputs por minuto
— __24_Thorfin_Arg - - NecroSorcererII
Build order — __24_Thorfin_Arg
Primeras 150 de 1010 acciones detectadas
| 0:03 | Construir | Town Center |
| 1:05 | Crear | Villager (Male) |
| 1:05 | Crear | Villager (Male) |
| 1:05 | Crear | Villager (Male) |
| 1:06 | Crear | Villager (Male) |
| 1:06 | Crear | Villager (Male) |
| 1:52 | Crear | Villager (Male) |
| 2:13 | Crear | Villager (Male) |
| 2:45 | Crear | Villager (Male) |
| 2:57 | Construir | Lumber Camp |
| 3:15 | Crear | Villager (Male) |
| 3:18 | Crear | Villager (Male) |
| 4:08 | Crear | Villager (Male) |
| 5:07 | Investigar | Loom |
| 5:23 | Crear | Villager (Male) |
| 6:03 | Construir | Barracks |
| 6:09 | Crear | Villager (Male) |
| 6:22 | Crear | Villager (Male) |
| 7:08 | Crear | Villager (Male) |
| 7:11 | Construir | Mining Camp |
| 7:22 | Construir | House |
| 7:23 | Investigar | Feudal Age |
| 7:25 | Crear | Militia |
| 7:58 | Crear | Militia |
| 8:03 | Construir | House |
| 8:14 | Crear | Militia |
| 9:16 | Crear | Villager (Male) |
| 9:27 | Crear | Villager (Male) |
| 9:43 | Edad | Edad Feudal |
| 9:50 | Construir | Archery Range |
| 9:51 | Crear | Villager (Male) |
| 9:57 | Investigar | Man-at-Arms (upgrade) |
| 10:09 | Crear | Villager (Male) |
| 10:22 | Construir | Palisade Gate |
| 10:27 | Crear | Villager (Male) |
| 10:35 | Crear | Archer |
| 10:37 | Construir | House |
| 10:45 | Construir | Mill |
| 11:14 | Crear | Villager (Male) |
| 11:26 | Crear | Archer |
| 11:26 | Crear | Archer |
| 11:42 | Crear | Villager (Male) |
| 11:44 | Crear | Archer |
| 11:53 | Construir | Blacksmith |
| 12:13 | Investigar | Town Watch |
| 12:19 | Construir | House |
| 12:28 | Construir | Palisade Wall |
| 12:31 | Crear | Archer |
| 12:53 | Crear | Villager (Male) |
| 13:17 | Construir | House |
| 13:20 | Construir | Palisade Wall |
| 13:29 | Investigar | Fletching |
| 13:33 | Crear | Villager (Male) |
| 13:40 | Investigar | Double-Bit Axe |
| 14:03 | Crear | Villager (Male) |
| 14:14 | Construir | House |
| 14:21 | Crear | Villager (Male) |
| 14:36 | Crear | Archer |
| 14:36 | Crear | Archer |
| 14:37 | Crear | Villager (Male) |
| 15:18 | Crear | Archer |
| 15:23 | Crear | Villager (Male) |
| 15:27 | Construir | House |
| 15:31 | Construir | House |
| 15:36 | Construir | House |
| 15:55 | Crear | Villager (Male) |
| 16:01 | Construir | Farm |
| 16:01 | Construir | Farm |
| 16:01 | Construir | Farm |
| 16:02 | Construir | Farm |
| 16:02 | Construir | Farm |
| 16:02 | Construir | Farm |
| 16:02 | Construir | Farm |
| 16:02 | Construir | Farm |
| 16:03 | Construir | Farm |
| 16:03 | Construir | Farm |
| 16:03 | Construir | Farm |
| 16:14 | Construir | Palisade Wall |
| 16:17 | Construir | Palisade Wall |
| 16:26 | Crear | Archer |
| 16:29 | Construir | Farm |
| 16:58 | Construir | Farm |
| 17:10 | Crear | Villager (Male) |
| 17:11 | Crear | Archer |
| 17:25 | Construir | House |
| 17:31 | Crear | Villager (Male) |
| 17:53 | Investigar | Padded Archer Armor |
| 18:01 | Construir | Farm |
| 18:01 | Construir | Farm |
| 18:01 | Construir | Farm |
| 18:02 | Construir | Farm |
| 18:02 | Construir | Farm |
| 18:02 | Construir | Farm |
| 18:03 | Crear | Villager (Male) |
| 18:18 | Crear | Archer |
| 18:18 | Crear | Archer |
| 19:24 | Crear | Skirmisher |
| 19:28 | Investigar | Castle Age |
| 19:35 | Construir | Archery Range |
| 19:48 | Investigar | Horse Collar |
| 19:58 | Construir | House |
| 20:02 | Crear | Archer |
| 20:02 | Crear | Archer |
| 20:19 | Construir | Lumber Camp |
| 20:32 | Investigar | Gold Mining |
| 20:38 | Construir | Mining Camp |
| 20:52 | Crear | Archer |
| 20:52 | Crear | Archer |
| 21:17 | Construir | Stone Wall |
| 21:25 | Crear | Archer |
| 21:26 | Crear | Archer |
| 21:41 | Construir | Watch Tower |
| 21:48 | Crear | Archer |
| 21:49 | Crear | Archer |
| 22:08 | Construir | Stone Wall |
| 22:08 | Crear | Villager (Male) |
| 22:08 | Edad | Edad de los Castillos |
| 22:15 | Crear | Villager (Male) |
| 22:23 | Construir | Market |
| 22:28 | Construir | Market |
| 22:31 | Crear | Villager (Male) |
| 22:36 | Crear | Villager (Male) |
| 22:52 | Construir | Siege Workshop |
| 23:04 | Investigar | Crossbowman (upgrade) |
| 23:05 | Investigar | Thumb Ring |
| 23:12 | Crear | Cavalry Archer |
| 23:13 | Crear | Cavalry Archer |
| 23:19 | Crear | Villager (Male) |
| 23:23 | Construir | Stone Wall |
| 23:25 | Construir | Stone Wall |
| 23:26 | Construir | Stone Wall |
| 23:33 | Crear | Cavalry Archer |
| 23:34 | Crear | Cavalry Archer |
| 24:00 | Crear | Cavalry Archer |
| 24:17 | Crear | Villager (Male) |
| 24:19 | Crear | Mangonel |
| 24:22 | Crear | Villager (Male) |
| 24:46 | Crear | Villager (Male) |
| 24:47 | Crear | Villager (Male) |
| 24:50 | Crear | Villager (Male) |
| 24:53 | Investigar | Bow Saw |
| 25:14 | Crear | Cavalry Archer |
| 25:14 | Crear | Cavalry Archer |
| 25:16 | Crear | Villager (Male) |
| 25:20 | Construir | Stable |
| 25:29 | Crear | Villager (Male) |
| 25:36 | Crear | Mangonel |
| 25:50 | Crear | Cavalry Archer |
| 25:51 | Crear | Villager (Male) |
| 25:59 | Crear | Cavalry Archer |
Build order — NecroSorcererII
Primeras 150 de 432 acciones detectadas
| 0:03 | Construir | Town Center |
| 1:14 | Investigar | Loom |
| 1:38 | Crear | Villager (Male) |
| 1:56 | Crear | Villager (Male) |
| 2:15 | Crear | Villager (Male) |
| 2:15 | Crear | Villager (Male) |
| 2:52 | Crear | Villager (Male) |
| 3:23 | Crear | Villager (Male) |
| 3:26 | Construir | Lumber Camp |
| 4:18 | Crear | Villager (Male) |
| 4:19 | Crear | Villager (Male) |
| 5:09 | Construir | Palisade Gate |
| 5:18 | Crear | Villager (Male) |
| 5:36 | Crear | Villager (Male) |
| 5:37 | Crear | Villager (Male) |
| 6:28 | Construir | Mining Camp |
| 6:30 | Crear | Villager (Male) |
| 6:41 | Crear | Villager (Male) |
| 6:57 | Investigar | Feudal Age |
| 7:27 | Crear | Villager (Male) |
| 7:49 | Crear | Villager (Male) |
| 7:59 | Construir | Barracks |
| 8:59 | Crear | Villager (Male) |
| 9:08 | Edad | Edad Feudal |
| 9:17 | Investigar | Double-Bit Axe |
| 9:22 | Construir | Archery Range |
| 9:47 | Construir | Mill |
| 9:55 | Crear | Villager (Male) |
| 10:12 | Crear | Archer |
| 10:18 | Construir | Archery Range |
| 10:24 | Crear | Spearman |
| 10:33 | Crear | Villager (Male) |
| 10:34 | Crear | Villager (Male) |
| 10:34 | Crear | Villager (Male) |
| 10:46 | Crear | Villager (Male) |
| 10:47 | Crear | Villager (Male) |
| 10:51 | Crear | Archer |
| 11:31 | Crear | Archer |
| 11:32 | Crear | Archer |
| 11:32 | Crear | Archer |
| 11:33 | Crear | Archer |
| 11:45 | Crear | Villager (Male) |
| 12:03 | Crear | Villager (Male) |
| 12:32 | Construir | House |
| 13:53 | Crear | Villager (Male) |
| 13:59 | Crear | Villager (Male) |
| 14:02 | Construir | Lumber Camp |
| 14:22 | Construir | House |
| 14:41 | Construir | Watch Tower |
| 15:14 | Crear | Villager (Male) |
| 15:14 | Crear | Villager (Male) |
| 15:15 | Crear | Villager (Male) |
| 15:26 | Crear | Archer |
| 15:27 | Crear | Archer |
| 15:27 | Crear | Archer |
| 16:29 | Crear | Archer ×5 |
| 16:32 | Construir | House |
| 16:35 | Construir | House |
| 16:38 | Construir | House |
| 16:59 | Crear | Villager (Male) |
| 17:01 | Crear | Villager (Male) |
| 17:02 | Crear | Villager (Male) |
| 17:13 | Construir | Blacksmith |
| 17:36 | Investigar | Fletching |
| 17:40 | Crear | Archer ×5 |
| 17:42 | Construir | House |
| 17:46 | Construir | House |
| 18:02 | Construir | House |
| 18:18 | Crear | Villager (Male) |
| 18:19 | Crear | Villager (Male) |
| 18:19 | Crear | Villager (Male) |
| 18:26 | Crear | Archer ×5 |
| 18:48 | Crear | Archer ×2 |
| 19:33 | Construir | Mill |
| 19:42 | Crear | Archer |
| 19:46 | Crear | Villager (Male) |
| 19:48 | Crear | Villager (Male) |
| 19:56 | Construir | Outpost |
| 19:58 | Construir | Outpost |
| 20:02 | Construir | House |
| 20:08 | Construir | Mining Camp |
| 20:13 | Crear | Villager (Male) |
| 20:18 | Construir | Mining Camp |
| 20:23 | Construir | House |
| 21:36 | Crear | Archer ×5 |
| 22:12 | Investigar | Castle Age |
| 22:56 | Construir | Stable |
| 23:26 | Construir | Stable |
| 23:27 | Crear | Villager (Male) |
| 23:39 | Construir | Lumber Camp |
| 24:24 | Crear | Scout Cavalry |
| 24:30 | Investigar | Forging |
| 24:44 | Crear | Scout Cavalry |
| 24:47 | Construir | House |
| 24:47 | Construir | House |
| 24:52 | Edad | Edad de los Castillos |
| 25:07 | Investigar | Bodkin Arrow |
| 25:23 | Construir | Town Center |
| 25:26 | Crear | Villager (Male) |
| 25:27 | Crear | Villager (Male) |
| 25:48 | Crear | Villager (Male) |
| 26:14 | Crear | Villager (Male) |
| 26:30 | Crear | Villager (Male) |
| 26:51 | Construir | Market |
| 27:13 | Construir | Town Center |
| 27:19 | Construir | House |
| 27:22 | Construir | Palisade Wall |
| 27:24 | Construir | House |
| 27:29 | Investigar | Crossbowman (upgrade) |
| 27:36 | Construir | Farm |
| 27:36 | Construir | Farm |
| 27:36 | Construir | Farm |
| 27:37 | Construir | Farm |
| 27:37 | Construir | Farm |
| 27:37 | Construir | Farm |
| 28:47 | Construir | Siege Workshop |
| 28:50 | Crear | Villager (Male) |
| 28:50 | Crear | Villager (Male) |
| 29:15 | Crear | Iron Pagoda |
| 29:42 | Construir | Castle |
| 29:48 | Crear | Villager (Male) |
| 29:48 | Crear | Villager (Male) |
| 29:56 | Construir | Lumber Camp |
| 30:22 | Construir | University |
| 30:26 | Crear | Villager (Male) |
| 30:27 | Crear | Villager (Male) |
| 30:36 | Crear | Villager (Male) |
| 30:49 | Crear | Villager (Male) |
| 31:03 | Investigar | Padded Archer Armor |
| 31:08 | Crear | Villager (Male) |
| 31:29 | Investigar | Ballistics |
| 31:37 | Crear | Iron Pagoda |
| 31:46 | Crear | Archer |
| 31:48 | Crear | Archer |
| 32:25 | Crear | Villager (Male) |
| 32:25 | Crear | Villager (Male) |
| 32:26 | Crear | Villager (Male) |
| 32:29 | Investigar | Wheelbarrow |
| 32:32 | Construir | Farm |
| 32:32 | Construir | Farm |
| 32:32 | Construir | Farm |
| 33:58 | Crear | Iron Pagoda |
| 34:01 | Crear | Villager (Male) |
| 34:03 | Crear | Archer ×5 |
| 34:06 | Construir | Farm |
| 34:18 | Crear | Villager (Male) |
| 34:19 | Crear | Villager (Male) |
| 34:24 | Crear | Chu Ko Nu ×5 |
| 34:25 | Crear | Iron Pagoda |
| 34:29 | Construir | Siege Workshop |
Cronología de la partida
| 6:03 | __24_Thorfin_Arg · first_building Barracks |
| 7:59 | NecroSorcererII · first_building Barracks |
| 9:08 | NecroSorcererII · age_up feudal |
| 9:22 | NecroSorcererII · first_building Archery Range |
| 9:43 | __24_Thorfin_Arg · age_up feudal |
| 9:50 | __24_Thorfin_Arg · first_building Archery Range |
| 12:28 | __24_Thorfin_Arg · wall_segment Palisade Wall x13 |
| 13:20 | __24_Thorfin_Arg · wall_segment Palisade Wall x11 |
| 16:14 | __24_Thorfin_Arg · wall_segment Palisade Wall x1 |
| 16:17 | __24_Thorfin_Arg · wall_segment Palisade Wall x4 |
| 21:17 | __24_Thorfin_Arg · wall_segment Stone Wall x12 |
| 22:08 | __24_Thorfin_Arg · wall_segment Stone Wall x6 |
| 22:08 | __24_Thorfin_Arg · age_up castle |
| 22:52 | __24_Thorfin_Arg · first_building Siege Workshop |
| 22:56 | NecroSorcererII · first_building Stable |
| 23:23 | __24_Thorfin_Arg · wall_segment Stone Wall x1 |
| 23:25 | __24_Thorfin_Arg · wall_segment Stone Wall x1 |
| 23:26 | __24_Thorfin_Arg · wall_segment Stone Wall x1 |
| 24:52 | NecroSorcererII · age_up castle |
| 25:20 | __24_Thorfin_Arg · first_building Stable |
| 27:22 | NecroSorcererII · wall_segment Palisade Wall x1 |
| 28:44 | __24_Thorfin_Arg · first_building Castle |
| 28:47 | NecroSorcererII · first_building Siege Workshop |
| 29:42 | NecroSorcererII · first_building Castle |
| 29:48 | __24_Thorfin_Arg · first_market_sell 100 wood |
| 29:49 | __24_Thorfin_Arg · first_market_buy 100 stone |
| 37:00 | NecroSorcererII · first_market_sell 100 wood |
| 37:02 | NecroSorcererII · first_market_buy 100 food |
| 39:46 | __24_Thorfin_Arg · age_up imperial |
| 40:14 | NecroSorcererII · age_up imperial |
| 51:46 | NecroSorcererII · wall_segment Stone Wall x11 |
| 53:36 | NecroSorcererII · wall_segment Stone Wall x8 |
| 53:41 | NecroSorcererII · wall_segment Stone Wall x7 |
| 55:11 | __24_Thorfin_Arg · first_building Monastery |
| 59:28 | NecroSorcererII · wall_segment Stone Wall x25 |
| 71:50 | __24_Thorfin_Arg · resign |
[ ANÁLISIS IA · 1 CRÉDITO ]
¿Qué pasó realmente en esta partida?
Wolo.gg analiza cada decisión: build order, eco, micro, errores típicos por bracket. Análisis personalizado por WhatsApp o Discord en 30 segundos.
Guía civ
Japoneses
Perfil
__24_Thorfin_Arg